Unix NetHack Version 5.0.0-0 post-release - last build May 10 2026 23:12:36 (d1fa5d53e341ca933230fdaa984d921c805b60aa,branch:main).

Game began 2026-05-16 12:31:55, ended 2026-05-16 12:49:06.

GdeVolpiano, lawful male dwarven Caveman

                                             --------------
                                             |.......<....|
                                            #..............
                                            #--------------
                                            ####
                                               #
                                               d
                                               @
                                               d

GdeVolpiano the Aborigine  St:17 Dx:13 Co:15 In:12 Wi:8 Ch:11  Lawful
Dlvl:3  $:32 HP:0(33) Pw:3(3) AC:8  Xp:3 T:1334  Fainted  Deaf

Latest messages:
 You regain consciousness.
 You faint from lack of food.
 You regain consciousness.
 You can hear again.
 You stop searching.
 You faint from lack of food.
 You regain consciousness.
 You find a hidden passage.
 You faint from lack of food.
 You regain consciousness.
 You can hear again.
 You faint from lack of food.
 You regain consciousness.
 You can hear again.
 You swap places with Slasher.
 You faint from lack of food.
 You regain consciousness.
 You faint from lack of food.
 The jackal bites!
 The jackal bites!
 The jackal bites!
 The jackal bites!
 The jackal bites!
 The jackal bites!
 The jackal bites!
 The jackal bites!
 The jackal bites!
 The jackal bites!
 The jackal bites!
 The jackal bites!
 The jackal bites!
 The jackal bites!
 The jackal bites!
 You regain consciousness.
 You faint from lack of food.
 The jackal bites!
 The jackal bites!
 The jackal bites!
 The jackal bites!
 The jackal bites!
 The jackal bites!
 The jackal bites!
 The jackal bites!
 The jackal bites!
 The jackal bites!
 The jackal bites!
 The jackal bites!
 The jackal bites!
 You die...
 Do you want your possessions identified? [ynq] (y)

Inventory:
 Coins    ('$')
  $ - 32 gold pieces
 Weapons  (')')
  b - a +2 sling (alternate weapon; not wielded)
  j - a cursed +0 elven spear
  i - a +0 orcish spear
  a - a +1 club
 Armor    ('[')
  e - an uncursed +0 leather armor (being worn)
 Scrolls  ('?')
  p - a cursed scroll of destroy armor
  o - 2 uncursed scrolls of light
  q - a cursed scroll of teleportation
 Spellbooks  ('+')
  l - an uncursed spellbook of magic missile
 Potions  ('!')
  m - an uncursed potion of extra healing
 Rings    ('=')
  h - a cursed -2 ring of adornment
 Tools    ('(')
  k - a cursed tallow candle
  f - an uncursed tin whistle
 Gems/Stones  ('*')
  n - an uncursed worthless piece of green glass
  g - 2 uncursed worthless pieces of violet glass
  c - 14 uncursed flint stones
  d - 24 uncursed rocks

GdeVolpiano the Caveman's attributes:

Background:
 You were an Aborigine, a level 3 dwarven Caveman.
 You were lawful, on a mission for Anu
 who was opposed by Ishtar (neutral) and Anshar (chaotic).
 You were right-handed.
 You were in the Dungeons of Doom, on level 3.
 You entered the dungeon 1334 turns ago.
 There was a new moon in effect when your adventure ended.
 You had 70 experience points, 10 more were needed to attain level 4.

Basics:
 You had 0 out of 33 hit points.
 You had all 3 energy points (spell power).
 Your armor class was 8.
 Your wallet contained 32 zorkmids.
 Autopickup was on for '$?!/="+' plus thrown, with exceptions.

Final Characteristics:
 Your strength was 17 (base:18, limit:18/100).
 Your dexterity was 13 (limit:20).
 Your constitution was 15 (limit:20).
 Your intelligence was 12 (limit:16).
 Your wisdom was 8 (limit:16).
 Your charisma was 11 (limit:16).

Final Status:
 You were deaf.
 You were fainted due to starvation.
 You were unencumbered.
 You were bare handed.
 You had basic skill with bare handed combat.

Final Attributes:
 You were fervently aligned.
 You had infravision.
 You were warded.
 You were unlucky.
 Anu was angry with you.
 You are dead.

Miscellaneous:
 You didn't encounter any bones levels.
 Total elapsed playing time was 14 minutes and 6 seconds.

Major events:
 Turn
    1: GdeVolpiano the lawful dwarven Caveman entered the dungeon
  684: attained the rank of Aborigine (level 3)
 1334: killed by a jackal, while fainted from lack of food

Spells:
 Name                 Level Category     Fail Retention
 magic missile          2   attack       100%  76%-100%

Skills:
 Fighting Skills
   bare handed combat [Basic]
 Weapon Skills
   dagger             [Unskilled]
   knife              [Unskilled]
   axe                [Unskilled]
   pick-axe           [Unskilled]
   club               [Basic]
   mace               [Unskilled]
   morning star       [Unskilled]
   flail              [Unskilled]
   hammer             [Unskilled]
   quarterstaff       [Unskilled]
   polearms           [Unskilled]
   spear              [Unskilled]
   trident            [Unskilled]
   bow                [Unskilled]
   sling              [Basic]
   boomerang          [Unskilled]
   unicorn horn       [Unskilled]
 Spellcasting Skills
   attack spells      [Unskilled]
   matter spells      [Unskilled]

Voluntary challenges:
 Character rerolling was not enabled.
 You never genocided any monsters.
 You never polymorphed an object.
 You never changed form.
 You used no wishes.
Achievement:
 You attained the rank of Aborigine.

 The Dungeons of Doom: levels 1 to 3
    Level 1:
    Level 2:
       An altar.
    Level 3: <- You were here.
       Final resting place for
          you, killed by a jackal, while fainted from lack of food.


Vanquished creatures:
  3 fog clouds
  2 coyotes
  4 jackals
  4 foxes
  a goblin
  2 sewer rats
  4 grid bugs
  a bat
  a lichen
  5 newts
27 creatures vanquished.

No species were genocided or became extinct.

Game over:
                       ----------
                      /          \
                     /    REST    \
                    /      IN      \
                   /     PEACE      \
                  /                  \
                  |   GdeVolpiano    |
                  |      32 Au       |
                  |   killed by a    |
                  |      jackal      |
                  |                  |
                  |                  |
                  |       2026       |
                 *|     *  *  *      | *
        _________)/\\_//(\/(/\)/\//\/|_)_______

Goodbye GdeVolpiano the Caveman...

You died in The Dungeons of Doom on dungeon level 3 with 409 points,
and 32 pieces of gold, after 1334 moves.
You were level 3 with a maximum of 33 hit points when you died.

